 Dungeon Crawl Stone Soup version 0.29-a0-821-g66395355a5 (webtiles) character file.

Game seed: 10817487681582086170

1 blackman the Sneak (level 1, 0/18 HPs)
             Began as a Human Delver on July 7, 2022.
             Slain by an ufetubus (3 damage)
             ... on level 4 of the Dungeon.
             The game lasted 00:01:04 (169 turns).

blackman the Sneak (Human Delver)                    Turns: 169, Time: 00:01:05

Health: 0/18       AC:  3    Str: 12    XL:     1   Next: 22%
Magic:  1/1        EV: 12    Int: 10    God:
Gold:   0          SH:  0    Dex: 14    Spells: 0/0 levels left

rFire   . . .      SeeInvis .   a - +0 hand axe
rCold   . . .      Faith    .   (no shield)
rNeg    . . .      Spirit   .   b - +0 leather armour
rPois   .          Reflect  .   (no helmet)
rElec   .          Harm     .   (no cloak)
rCorr   .          Rampage  .   (no gloves)
Will    .....                   (no boots)
Stlth   +++.......              (no amulet)
HPRegen 0.06/turn               (no ring)
MPRegen 0.07/turn               (no ring)

@: no status effects
A: no striking features
a: no special abilities


You were on level 4 of the Dungeon.
You visited 1 branch of the dungeon, and saw 2 of its levels.

Inventory:

Hand Weapons
 a - a +0 hand axe (weapon)
Armour
 b - a +0 leather armour (worn)
Wands
 g - a wand of digging (3)
Scrolls
 c - a scroll of fog
 d - a scroll of magic mapping
 e - 2 scrolls of fear
 i - a scroll of acquirement {unknown}
Potions
 f - a potion of haste
 h - a potion of heal wounds {unknown}


   Skills:
 - Level 3.0 Fighting
 + Level 2.1 Axes
 - Level 2.0 Dodging
 - Level 5.0 Stealth


You couldn't memorise any spells.
You didn't know any spells.
Your spell library was empty.

Dungeon Overview and Level Annotations

Branches:
Dungeon (5/15)
 Temple: D:4-7

Altars:


Message History

You kill the giant cockroach!
e - 2 scrolls of fear (gained 1)
There are no items here.
Found a scroll labelled KIUWUUMOQA.
An ufetubus comes into view.
The ufetubus shouts!
You see here a scroll labelled KIUWUUMOQA.
i - a scroll labelled KIUWUUMOQA You barely miss the ufetubus.
The ufetubus hits you. x2
You hit the ufetubus.
The ufetubus is heavily wounded.
The ufetubus hits you.
The ufetubus hits you but does no damage.
The ufetubus misses you. The ufetubus hits you.
You barely miss the ufetubus.
The ufetubus is heavily wounded.
The ufetubus barely misses you. x2; The ufetubus hits you.
* * * LOW HITPOINT WARNING * * *
The ufetubus barely misses you.
You closely miss the ufetubus.
The ufetubus is heavily wounded.
The ufetubus misses you. The ufetubus closely misses you.
The ufetubus hits you but does no damage.
The ufetubus completely misses you.
You closely miss the ufetubus.
The ufetubus is heavily wounded.
The ufetubus barely misses you. The ufetubus misses you.
The ufetubus barely misses you. x2
You closely miss the ufetubus.
The ufetubus is heavily wounded.
The ufetubus closely misses you. The ufetubus barely misses you.
You hit the ufetubus.
The ufetubus is almost dead.
The ufetubus closely misses you. The ufetubus barely misses you.
The ufetubus misses you. The ufetubus hits you.
* * * LOW HITPOINT WARNING * * *
You barely miss the ufetubus.
The ufetubus is almost dead.
The ufetubus hits you.
You die...

. ..# .# #. #.# #.#
#. #.. ... .. #.#
#.# ##. #.#... ##..
#.#.#
####...####...#
+..........@###.###.
###....###.5.......
##.#.# #####..... #
#.# #.# ##### #.# +#
#...# #.# .# #...#
#.# s####...####.#
.#.........#.#


You could see an ufetubus.

Vanquished Creatures
  A giant cockroach (D:4)
1 creature vanquished.

Notes
Turn   | Place    | Note
-------+----------+-------------------------------------------
     0 | D:5      | blackman the Human Delver began the quest for the Orb.
     0 | D:5      | Reached XP level 1. HP: 18/18 MP: 1/1
     1 | D:5      | Identified the +1 robe "Duowuqa" {Str-4 Dex+8 SInv}
    10 | D:5      | Noticed a gnoll bouda
    12 | D:5      | Noticed a hound
    51 | D:4      | Noticed a scorpion
   109 | D:4      | Noticed a scorpion
   169 | D:4      | Slain by an ufetubus

Illustrated notes

Levels and vault maps discovered:
D:4:      layout_loops_corners, dk_noncrumbling_3, minmay_misc_feat_roman,
          amethyst_killhole, minmay_starry_boxes, uniq_duvessa, uniq_pikel
D:5:      layout_basic, lemuel_zombie_altar_kikubaaqudgha,
          minmay_temple_entry_purple_smoke, minivault_23

Action                   || total
-------------------------++-------
Melee: Hand axe          ||    10
Armor: Leather armour    ||     3
Dodge: Dodged            ||    18

Table legend: (Time is in decaauts)
 A = Elapsed time spent in this place.
 B = Non-inter-level travel time spent in this place.
 C = Inter-level travel time spent in this place.
 D = Time resting spent in this place.
 E = Time spent auto-exploring this place.
 F = Levels seen in this place.
 G = Mean time per level.
                   A        B        C        D        E       F      G
               +--------+--------+--------+--------+--------+-----+--------+
         Total |    170 |    168 |      2 |      0 |     34 |   2 |   85.0 |
       Dungeon |    170 |    168 |      2 |      0 |     34 |   2 |   85.0 |
               +--------+--------+--------+--------+--------+-----+--------+

Top non-repeatable levels by time:
     D:4: 149 daAuts
     D:5: 21 daAuts
